 Dungeon Crawl Stone Soup version 0.30.0-20-g3615ddf2f0 (webtiles) character file.

Game seed: 6732083204165930989

102 qw the Chopper (level 4, 0/28 HPs)
             Began as a Gargoyle Fighter on May 29, 2023.
             Killed by divine providence
             ... invoked by an orc priest
              (10 damage)
             ... on level 3 of the Dungeon.
             The game lasted 00:00:52 (1844 turns).

qw the Chopper (Gargoyle Fighter)                   Turns: 1844, Time: 00:00:52

Health: 0/28       AC: 18    Str: 22    XL:     4   Next: 78%
Magic:  4/4        EV:  6    Int:  8    God:
Gold:   96         SH:  4    Dex:  9    Spells: 3/3 levels left

rFire   . . .        Y - +0 war axe
rCold   . . .        c - +0 buckler
rNeg    + . .        e - +2 plate armour
rPois   inf          a - +0 helmet
rElec   +            (no cloak)
rCorr   .            (no gloves)
SInv    .            (no boots)
Will    .....        (no amulet) Stlth
                     (no ring)
HPRegen 0.24/turn    (no ring)
MPRegen 0.09/turn

%: no passive effects
@: no status effects
A: sickness immunity, AC +3, negative energy resistance 1, electricity
resistance, torment resistance 1, petrification resistance
a: no special abilities


You were on level 3 of the Dungeon.
You visited 1 branch of the dungeon, and saw 3 of its levels.

You collected 96 gold pieces.


Innate Abilities, Weirdness & Mutations

You are immune to sickness and miasma.
Your stone body is resilient. (AC +3)
You are immune to poison.
You resist negative energy. (rN+)
You are resistant to electric shocks. (rElec)
You are resistant to unholy torment.
You are immune to petrification.


   Skills:
 - Level 3.2 Fighting
 + Level 4.4 Axes
 - Level 3.2 Armour
 - Level 3.2 Shields


You had 3 spell levels left.
You didn't know any spells.
Your spell library was empty.

Inventory:

Hand Weapons
 l - a +0 whip
 Y - a +0 war axe (weapon)
Armour
 a - a +0 helmet (worn)
 c - a +0 buckler (worn)
 e - a +2 plate armour (worn)
Scrolls
 b - a scroll of identify
 i - a scroll of teleportation {unknown}
Potions
 d - a potion of might
 f - a potion of magic {unknown}
 g - a potion of attraction {unknown}
 h - a potion of resistance {unknown}
 j - a potion of lignification {unknown}

Dungeon Overview and Level Annotations

Branches:
Dungeon (3/15)

Altars:

Shops:
D:1 (


Message History

HP restored.
You see here an adder corpse.
Found 3 curare-tipped darts.
Enter note: You see here 3 curare-tipped darts.
You open the door.
There is an open door here.
An orc comes into view. It is wielding a +0 war axe.
The orc shouts!
You hear a shout!
The orc throws a boomerang.
The boomerang hits you but does no damage.
Enter note: An orc and an orc priest come into view.
The orc shouts!
The orc priest shouts!
The orc hits you with a +0 war axe.
Enter note: You hit the orc but do no damage.
You slash the orc!
You kill the orc!
You hit the orc. The orc hits you but does no damage.
The orc priest calls down the wrath of Beogh upon you.
Pain shoots through your body! The orc barely misses you.
You slash the orc!
You kill the orc!
You closely miss the orc priest.
The orc priest hits you with a +0 hand axe.
You hit the orc priest.
The orc priest is lightly wounded.
The orc priest casts a cantrip, but nothing happens.
You barely miss the orc priest.
The orc priest is lightly wounded.
The orc priest looks braver for a moment.
You slash the orc priest!
The orc priest is severely wounded.
The orc priest mumbles some strange prayers to Beogh against you.
Beogh smites you!
The orc priest calls down the wrath of Beogh upon you.
Beogh smites you!
You die...

#.........#
#.#######.#######
#.#.#.#.......... ...
#.#...#.#(####### ...
#.#.#...#.#### ....#
#.#.###.#.#..
....###.#.....#.#.#
.....##.#...#.#'#o#
......#.#.#.#...@)#
....#...#.#.#.....#
....##............#
..).#.....##........
...%......#.....#.#..
..##......#.#####.#.#..
..###.......# .# # #
...........## ##
%...........#


You could see an orc priest.

Vanquished Creatures
  Robin (D:2)
  3 adders
  A worm (D:2)
  A dart slug (D:1)
  2 orcs (D:3)
  7 endoplasms
  12 goblins
  9 hobgoblins
  A kobold (D:3)
  2 quokkas
  5 ball pythons
  4 bats
  4 frilled lizards
  A rat (D:2)
53 creatures vanquished.

Notes
Turn   | Place    | Note
-------+----------+-------------------------------------------
     0 | D:1      | qw the Gargoyle Fighter began the quest for the Orb.
     0 | D:1      | Reached XP level 1. HP: 14/14 MP: 1/1
     0 | D:1      | 0 ||| qw: Version: 0.2-a-101-gf424e7f
     0 | D:1      | 0 ||| qw: Game counter: 301
     0 | D:1      | 0 ||| qw: Always use a shield: true
     0 | D:1      | 0 ||| qw: God list: Okawaru
     0 | D:1      | 0 ||| qw: Allow faded altars: false
     0 | D:1      | 0 ||| qw: Do Orc after D:15 true
     0 | D:1      | 0 ||| qw: Do second Lair branch before Depths: true
     0 | D:1      | 0 ||| qw: Lair rune preference: random
     0 | D:1      | 0 ||| qw: Plans: Normal, Zot:1-4, Slime:5, God:TSO, Crypt,
                  | Tomb, Pan, Hells, Abyss, Win
     0 | D:1      | 0 ||| PLANNING D:1-11
    16 | D:1      | Found Cabo's Weapon Boutique.
    31 | D:1      | 31 ||| SHOPLISTING +0 club (11 gold, have 0).
    31 | D:1      | 31 ||| SHOPLISTING +2 morningstar of draining (211 gold,
                  | have 0).
    58 | D:1      | Reached skill level 2 in Axes
    67 | D:1      | Reached XP level 2. HP: 15/19 MP: 2/2
   303 | D:1      | Reached skill level 3 in Axes
   359 | D:1      | Reached XP level 3. HP: 17/23 MP: 3/3
   698 | D:1      | 698 ||| UPGRADING to +0 plate armour.
   708 | D:1      | 708 ||| DROPPING +0 scale mail.
   709 | D:1      | 709 ||| READING 2 scrolls labelled IHUIHI DEIFI.
   710 | D:1      | 710 ||| READING scroll of enchant armour.
   710 | D:1      | 710 ||| ENCHANTING +0 plate armour.
   711 | D:1      | 711 ||| READING scroll labelled FOFOETEORGHUO.
   758 | D:2      | Found a faded altar of an unknown god.
   811 | D:2      | Noticed Robin
   829 | D:2      | HP: 3/23 [Robin/+0 spear (5)]
   834 | D:2      | Killed Robin
   835 | D:2      | Reached XP level 4. HP: 6/28 MP: 4/4
   959 | D:2      | 959 ||| Stepping ~*~*~tactically~*~*~ (stealth).
   960 | D:2      | 960 ||| Stepping ~*~*~tactically~*~*~ (stealth).
   961 | D:2      | 961 ||| Stepping ~*~*~tactically~*~*~ (stealth).
  1013 | D:2      | 1013 ||| Stepping ~*~*~tactically~*~*~ (stealth).
  1315 | D:2      | Reached skill level 4 in Axes
  1357 | D:2      | 1357 ||| DROPPING +0 club.
  1551 | D:2      | 1551 ||| READING scroll of enchant armour.
  1551 | D:2      | 1551 ||| ENCHANTING +1 plate armour.
  1652 | D:2      | 1652 ||| UPGRADING to +0 helmet.
  1657 | D:2      | 1657 ||| READING scroll labelled WOABEO YWEORCH.
  1844 | D:3      | Killed from afar by an orc priest

Levels and vault maps discovered:
D:1:      spicycebolla_arrival_xxxplode, layout_rooms, serial_glass,
          glass_columns_a, glass_columns_a, serial_shops, shop,
          minmay_misc_feat_secret_circle
D:2:      layout_basic, shapermc_ecumenical_altar_rom_forum,
          minmay_misc_feat_hallway, uniq_robin
D:3:      layout_basic

Skill      XL: |  1  2  3  4 |
---------------+-------------+-----
Axes           | 2 3 4 |  4.4
Fighting       | |  3.2
Armour         | |  3.2
Shields        | |  3.2

Action                     |  1- 3 |  4- 6 || total
---------------------------+-------+-------++-------
  Melee: War axe           |   110 |    44 ||   154
    Use: Scroll            |     3 |     2 ||     5
 Armour: Scale mail        |    43 |       ||    43
         Plate armour      |    40 |    17 ||    57
  Dodge: Dodged            |    47 |     7 ||    54
  Block: Buckler           |    24 |     7 ||    31

Table legend:
 A = Non-vault XP
 B = Vault XP
 C = Vault XP percentage of total XP
 D = Non-vault monster count
 E = Vault monster count
 F = Vault count percentage of total count
                 A         B        C        D         E       F
            +---------+---------+-------+---------+---------+-------
      Total |     112 |      35 |  23.8 |      42 |      11 |  20.8
            +---------+---------+-------+---------+---------+-------
        D:1 |      38 |       0 |   0.0 |      21 |       0 |   0.0
        D:2 |      35 |      35 |  50.0 |      13 |      11 |  45.8
        D:3 |      39 |       0 |   0.0 |       8 |       0 |   0.0
            +---------+---------+-------+---------+---------+-------
